Unix NetHack Version 5.0.0-0 post-release - last build Jul 14 2026 02:55:29 (1809b74e8187c3a3585e283601c3028b46cbbdcb,branch:main).

Game began 2026-07-18 04:57:37, ended 2026-07-18 05:24:16.

KnightLite, lawful female dwarven Archeologist

                                                           ------
                                                           |..|.--
                       ---           --------        ----- |.....---   ------
           ----- ---- --.|         ---......|     ----...-- -......-----....---
         ---...| |..| |..|        --....%##.---   |.......| --.......|..^.....|
         |.....| |..|--..--       |.....--#...|   |......-|  |.....)..).......|
         |.....|  -.||....--      --.....---#.--- --.**...|  |#..............--
         --..---  |.||.##..|      ---#....| |...|  |..--..|  |...............--
     ---  |..--   |.##.###.-------|....).-- --#.|  |..-----  --...............|
  ----..---..^--  |.##>###.<......#.-#-.--    |.----....|     |..........---.--
  |....).......|  |.##.| #######..#.-----     |......|..-------........---  --
  ---..........-- |.||.|      |...|@.--       |.....-|.........)---.#.--
    ---.........| |.||.|      |^.dr...--      |.....|------------ --#.---
      ---.--....| |.||.|    ---........|      --....---             #...|
        |.||.0..--|.||.|    -......j..--       |.)....| |        ---#...|
    ----#.##..-..--.||.|     |........|      ---........|      ---.|....|
    |..##^##...)....-|.|     ---..--).|      |........---    ---........|
    |.....#)*....#...#.--      --------      |*.....---      |...#.---.--
    |....-|.....|....#.*|                    ---.----        |..----  --
    ----------------....|                      ---           ---
                   ------
KnightLite the Field Worker  St:16 Dx:9 Co:13 In:16 Wi:14 Ch:13  Lawful
Dlvl:6  $:1310 HP:0(41) Pw:19(19) AC:7  Xp:4 T:3761 

Latest messages:
 You hit the rock with all your might.
 The large dog picks up a worthless piece of yellow glass.
 You make an opening in the wall.
 You see a gas cloud dissipate.
 You start digging.
 You hit the rock with all your might.
 You make an opening in the wall.
 You stop digging.
 You continue digging.
 You hit the rock with all your might.
 You make an opening in the wall.
 You start digging.
 You hit the rock with all your might.
 You make an opening in the wall.
 You stop digging.
 You continue digging.
 You hit the rock with all your might.
 You make an opening in the wall.
 The gecko bites!
 You kill the gecko!
 There is a staircase up to level 5 here.
 You see here an engagement ring.
 p - an engagement ring.
 The large dog misses the blue jelly.
 You swap places with your large dog.
 The large dog bites the blue jelly.
 The large dog is suddenly very cold!
 The large dog bites the blue jelly.
 The large dog is suddenly very cold!
 You hit the blue jelly!
 You are suddenly very cold!
 You miss the blue jelly.
 You are suddenly very cold!
 You start digging.
 You hit the rock with all your might.
 You make an opening in the wall.
 You stop digging.
 The rabid rat bites!
 You stop.  Your large dog is in the way!
 The rabid rat bites!
 You swap places with your large dog.
 The large dog bites the rabid rat.
 The rabid rat misses the large dog.
 The large dog bites the rabid rat.
 The rabid rat misses the large dog.
 You find a falling rock trap.
 The large dog misses the rabid rat.
 The rabid rat bites!
 You die...
 Do you want your possessions identified? [ynq] (y) q

Inventory:
 Coins    ('$')
  $ - 1310 gold pieces
 Weapons  (')')
  a - a +2 bullwhip (alternate weapon; not wielded)
  T - a +0 dwarvish mattock (weapon in hands)
 Armor    ('[')
  U - an uncursed rustproof +0 dwarvish iron helm (being worn)
  V - a cursed +0 pair of iron shoes
  O - an uncursed +0 dwarvish cloak
  b - an uncursed +0 leather jacket (being worn)
 Comestibles  ('%')
  L - 2 uncursed bananas
  j - an uncursed cram ration
  d - 2 uncursed food rations
 Scrolls  ('?')
  k - an uncursed scroll of destroy armor
  P - an uncursed scroll of enchant armor
  t - an uncursed scroll of identify
  F - an uncursed scroll of magic mapping
  x - an uncursed scroll of scare monster
  J - 2 uncursed scrolls of teleportation
 Potions  ('!')
  M - a blessed potion of full healing
  u - a blessed potion of gain energy
  e - a blessed potion of gain level
  w - an uncursed potion of levitation
  m - an uncursed potion of object detection
  n - an uncursed potion of polymorph
  N - an uncursed potion of restore ability
  D - an uncursed potion of see invisible
  s - an uncursed potion of sickness
  z - a blessed potion of speed
  y - an uncursed potion of speed
  r - an uncursed potion of water
 Rings    ('=')
  p - an uncursed ring of regeneration
  o - a cursed ring of searching
 Tools    ('(')
  h - an empty uncursed sack
  i - a magic marker (0:19)
  X - an uncursed tin whistle
  f - a tinning kit (0:47)
  Z - an uncursed towel
 Gems/Stones  ('*')
  Y - 2 uncursed amber stones
  A - an uncursed jade stone
  g - an uncursed touchstone
 Special
 (list likely candidates)

KnightLite the Archeologist's attributes:

Background:
 You were a Field Worker, a level 4 female dwarven Archeologist.
 You were lawful, on a mission for Quetzalcoatl
 who was opposed by Camaxtli (neutral) and Huhetotl (chaotic).
 You were right-handed.
 You were in the Gnomish Mines, on level 6.
 You entered the dungeon 3761 turns ago.
 It was nighttime.
 You had 143 experience points, 17 more were needed to attain level 5.

Basics:
 You had 0 out of 41 hit points.
 You had all 19 energy points (spell power).
 Your armor class was 7.
 Your wallet contained 1310 zorkmids.
 Autopickup was on for '0' plus thrown, with exceptions.

Final Characteristics:
 Your strength was 16 (limit:18/100).
 Your dexterity was 9 (limit:20).
 Your constitution was 13 (limit:20).
 Your intelligence was 16 (limit:16).
 Your wisdom was 14 (limit:16).
 Your charisma was 13 (limit:16).

Final Status:
 You weren't hungry.
 You were unencumbered.
 You were wielding a mattock.
 You had basic skill with pick-axe.

Final Attributes:
 You were piously aligned.
 You had automatic searching.
 You had infravision.
 You are dead.

Miscellaneous:
 You didn't encounter any bones levels.
 Total elapsed playing time was 26 minutes and 38 seconds.

Major events:
 Turn
    1: KnightLite the lawful female dwarven Archeologist entered the dungeon
 1504: attained the rank of Field Worker (level 3)
 2225: entered the Gnomish Mines
 3761: killed by a rabid rat

Spells:
 Name                 Level Category     Fail Retention
 clairvoyance           3   divination   100%  76%-100%

Skills:
 Fighting Skills
   bare handed combat [Unskilled]
   two weapon combat  [Unskilled]
   riding             [Unskilled]
 Weapon Skills
   dagger             [Unskilled]
   knife              [Unskilled]
   pick-axe           [Basic]
   short sword        [Unskilled]
   saber              [Unskilled]
   club               [Unskilled]
   quarterstaff       [Unskilled]
   sling              [Unskilled]
   dart               [Unskilled]
   boomerang          [Unskilled]
   whip               [Basic]
   unicorn horn       [Unskilled]
 Spellcasting Skills
   attack spells      [Unskilled]
   healing spells     [Unskilled]
   divination spells  [Unskilled]
   matter spells      [Unskilled]

Voluntary challenges:
 Character rerolling was not enabled.
 You never genocided any monsters.
 You never polymorphed an object.
 You never changed form.
 You used no wishes.
Achievements:
 You entered a shop.
 You attained the rank of Field Worker.
 You entered the Gnomish Mines.

 The Dungeons of Doom: levels 1 to 4
    Level 1:
       Some altars.
    Level 2:
       A potion shop.
    Level 3:
       An altar to Quetzalcoatl, a fountain.
    Level 4:
       A fountain, a grave.
       Stairs down to The Gnomish Mines.
 The Gnomish Mines: levels 5 to 6
    Level 5:
    Level 6: <- You were here.
       Final resting place for
          you, killed by a rabid rat.


Vanquished creatures:
  a pony
  a fog cloud
  3 gnome leaders
  a gray ooze
 an elf zombie
  a straw golem
  3 giant ants
  a kitten
  a dwarf
  a homunculus
  a giant bat
 an iguana
  2 acid blobs
  2 hobbits
  4 manes
  2 large kobolds
  a hobgoblin
  6 giant rats
  2 cave spiders
  a yellow mold
  a green mold
 18 gnomes
  a gnome zombie
  2 geckos
  6 jackals
  a fox
  2 kobolds
  3 goblins
  2 sewer rats
  3 grid bugs
  2 bats
  2 lichens
  2 kobold zombies
  2 newts
83 creatures vanquished.

No species were genocided or became extinct.

Game over:
                       ----------
                      /          \
                     /    REST    \
                    /      IN      \
                   /     PEACE      \
                  /                  \
                  |    KnightLite    |
                  |     1310 Au      |
                  |   killed by a    |
                  |    rabid rat     |
                  |                  |
                  |                  |
                  |       2026       |
                 *|     *  *  *      | *
        _________)/\\_//(\/(/\)/\//\/|_)_______

Goodbye KnightLite the Archeologist...

You died in The Gnomish Mines on dungeon level 6 with 2011 points,
and 1310 pieces of gold, after 3761 moves.
You were level 4 with a maximum of 41 hit points when you died.

